Warning! The script has encountered some errors when parsing the replay. Please report them to the . » details
0x00, prev: 0x16: 16 02 01 00 32 1B 00 00 E1 D4 00 00 [00] 00 00 00 00 00 00 00 00 00 00 00 00 00 00 00 00 00 00 00 00 00 00 00 19 00
0x00, prev: 0x00: 16 02 01 00 32 1B 00 00 E1 D4 00 00 00 00 00 00 00 00 00 00 00 00 00 00 00 00 00 00 00 00 00 00 00 00 [00] 00 19 00
0x00, prev: 0x01: 16 02 01 00 7B 69 00 00 AE 78 00 00 00 00 00 00 00 00 00 00 00 00 00 00 00 00 00 00 00 00 00 00 00 00 00 00 01 [00] 07 34 00 17 00 06 00 A5 5E 00 00 A4 F8 03 00 87 57 00 00 6D DC 00 00 4C 4B 00 00 65 51 1A 00 FE 6B 00 00 4D 40 1A 00 01 6C 00 00 3E 51 1A 00 34 70 00 00 7C 40 1A 00 03 1F 00 12 08 00 03 00 0D 00 FF FF FF FF FF FF FF FF DA 28 8B 44 56 CF E3 C4 FF FF FF FF FF FF FF FF 06 03 00 18 00 03 05 11 00 18 01 03 1A 19 70 73 62 75 F9 7C 00 00 7A 31 16 00 05 1F 00 12 18 00 03 00 0D 00 FF FF FF FF FF FF FF FF AC 99 66 45 86 65 50 C5 FF FF FF FF FF FF FF FF
0x00, prev: 0x05: 16 02 01 00 E7 52 00 00 96 0B 01 00 00 00 00 00 00 00 00 00 00 00 00 00 00 00 00 00 00 00 00 00 00 00 00 00 05 [00] 06 1F 00 12 18 00 03 00 0D 00 FF FF FF FF FF FF FF FF 00 00 94 45 00 00 A0 43 F9 62 00 00 64 81 14 00 05 14 00 17 01 02 00 88 5E 00 00 CB 82 13 00 45 5C 00 00 1E 2F 14 00
0x00, prev: 0x04: 16 02 01 00 88 6D 00 00 91 6D 00 00 00 00 00 00 00 00 00 00 00 00 00 00 00 00 00 00 00 00 00 00 00 00 00 00 04 [00] 01 14 00 17 00 02 00 6C 5E 00 00 0B FE 03 00 21 57 00 00 81 D9 00 00
0x08, prev: 0x00: 16 02 04 00 B0 67 00 00 4B 8C 00 00 CF 70 00 00 EA 70 00 00 E8 70 00 00 03 71 00 00 01 71 00 00 1C 71 00 00 00 00 00 00 00 00 00 00 00 00 00 00 00 00 00 00 00 00 00 00 00 00 00 00 [08] 00 04 03 00 18 00 03 06 1F 00 12 18 00 03 00 0D 00 FF FF FF FF FF FF FF FF 92 FC E9 45 5E 5E 47 C5 FF FF FF FF FF FF FF FF 06 11 00 18 00 03 1A 19 61 65 64 55 A9 4C 00 00 10 21 01 00
General information
- name: BNet
- type: Ladder team game (AT/RT)
- host: Battle.net
- saver: KODOS_FORSAKEN
map: MarketSquare
- players: 8
- length: 38:50
- speed: Fast
- version: 1.23 W3XP
- replay type: Public
» download(428 KB)
Players
team 1 (winner)

»
KODOS_FORSAKEN (
yellow | 726 APM | 4745 actions | 06:31)
4 Mountain King
2 Storm Bolt
2 Bash
1 Paladin
1 Holy Light
1 Blood Mage
1 Banish
» actions
| Assign group hotkey | 665 | |
| Basic commands | 9 | |
| Build / train | 113 | |
| Enter build submenu | 50 | |
| Enter hero's abilities submenu | 19 | |
| Give item / drop item | 4 | |
| Right click | 1526 | |
| Select / deselect | 817 | |
| Select group hotkey | 1271 | |
| Use ability | 271 | |
4745 total
» units
| Peasant | 20 | |
| Footman | 6 | |
| Gryphon Rider | 3 | |
| Dragonhawk Rider | 18 | |
47 total
» upgrades
| Lumber Harvesting | 1 | |
| Masonry | 2 | |
| Swords | 1 | |
| Storm Hammers | 1 | |
| Animal War Training | 1 | |
| Armor | 2 | |
8 total
» buildings
| Altar of Kings | 1 | |
| Barracks | 1 | |
| Farm | 9 | |
| Scout Tower | 26 | |
| Arcane Vault | 1 | |
| Arcane Tower | 2 | |
| Keep | 1 | |
| Lumber Mill | 1 | |
| Guard Tower | 11 | |
| Town Hall | 3 | |
| Castle | 1 | |
| Gryphon Aviary | 3 | |
| Blacksmith | 1 | |
61 total
» build order
00:09 Altar of Kings
00:25 Barracks
00:36 Farm
01:06 Farm
01:51 Farm
02:16 Scout Tower
02:33 Arcane Vault
03:05 Arcane Tower
03:08 Farm
03:52 Keep
03:58 Farm
04:37 Lumber Mill
04:51 Farm
04:54 Scout Tower
06:06 Guard Tower
06:23 Farm
06:31 Guard Tower
» items
| Scroll of Regeneration | 5 | |
| Lesser Clarity Potion | 4 | |
| Potion of Mana | 1 | |
| Ivory Tower | 3 | |
| Scroll of Town Portal | 4 | |
| Staff of Preservation | 1 | |
| Potion of Healing | 1 | |
| Scroll of Healing | 1 | |
20 total
pp]papum. (
red | 378 APM | 2466 actions | 06:31)
3 Demon Hunter
2 Mana Burn
1 Evasion
1 Naga Sea Witch
1 Frost Arrows
» actions
| Assign group hotkey | 392 | |
| Basic commands | 2 | |
| Build / train | 79 | |
| ESC pressed | 1 | |
| Enter build submenu | 22 | |
| Enter hero's abilities submenu | 10 | |
| Right click | 935 | |
| Select / deselect | 328 | |
| Select group hotkey | 583 | |
| Use ability | 114 | |
2466 total
» units
» upgrades
| Strength of the Wild | 2 | |
| Reinforced Hides | 2 | |
| Abolish Magic | 1 | |
5 total
» buildings
| Altar of Elders | 1 | |
| Moon Well | 7 | |
| Hunter's Hall | 1 | |
| Ancient of War | 2 | |
| Tree of Ages | 1 | |
| Ancient of Lore | 2 | |
| Ancient of Wonders | 1 | |
| Ancient Protector | 6 | |
21 total
» build order
00:15 Altar of Elders
00:24 Moon Well
01:55 Hunter's Hall
02:02 Ancient of War
02:03 Ancient of War
02:14 Moon Well
03:05 Moon Well
04:46 Moon Well
06:01 Tree of Ages
06:31 Moon Well
» items
| Scroll of Town Portal | 4 | |
| Scroll of Protection | 1 | |
5 total
1H4XSOFU (
orange | 1122 APM | 7329 actions | 06:31)
3 Death Knight
2 Death Coil
1 Unholy Aura
1 Lich
1 Frost Nova
1 Crypt Lord
1 Impale
» actions
| Assign group hotkey | 74 | |
| Basic commands | 531 | |
| Build / train | 103 | |
| Enter build submenu | 29 | |
| Enter hero's abilities submenu | 19 | |
| Give item / drop item | 8 | |
| Remove unit from queue | 2 | |
| Right click | 2952 | |
| Select / deselect | 600 | |
| Select group hotkey | 2800 | |
| Use ability | 211 | |
7329 total
» units
| Acolyte | 17 | |
| Ghoul | 3 | |
| Crypt Fiend | 11 | |
| Obsidian Statue | 6 | |
| Frost Wyrm | 6 | |
43 total
» upgrades
| Backpack | 1 | |
| Creature Attack | 3 | |
| Burrow | 1 | |
| Destroyer Form | 1 | |
| Web | 1 | |
| Creature Carapace | 0 | |
7 total
» buildings
| Graveyard | 1 | |
| Crypt | 2 | |
| Ziggurat | 11 | |
| Altar of Darkness | 1 | |
| Tomb of Relics | 1 | |
| Halls of the Dead | 2 | |
| Black Citadel | 1 | |
| Slaughterhouse | 1 | |
| Sacrificial Pit | 1 | |
| Necropolis | 1 | |
| Boneyard | 1 | |
| Spirit Tower | 1 | |
| Nerubian Tower | 1 | |
25 total
» build order
00:07 Graveyard
00:11 Crypt
00:15 Crypt
00:25 Ziggurat
00:46 Altar of Darkness
01:41 Tomb of Relics
01:51 Ziggurat
04:44 Halls of the Dead
04:45 Halls of the Dead
05:11 Ziggurat
06:31 Nerubian Tower
» items
| Rod of Necromancy | 4 | |
| Dust of Appearance | 3 | |
| Potion of Healing | 2 | |
| Potion of Mana | 1 | |
| Orb of Corruption | 1 | |
| Boots of Speed | 1 | |
| Potion of Lesser Invulnerability | 7 | |
| Scroll of Healing | 3 | |
| Scroll of Town Portal | 2 | |
24 total
Funkster49 (
purple | 481 APM | 3144 actions | 06:31)
4 Paladin
2 Holy Light
2 Divine Shield
1 Archmage
1 Blizzard
» actions
| Assign group hotkey | 388 | |
| Basic commands | 360 | |
| Build / train | 119 | |
| ESC pressed | 8 | |
| Enter build submenu | 37 | |
| Enter hero's abilities submenu | 13 | |
| Remove unit from queue | 1 | |
| Right click | 703 | |
| Select / deselect | 407 | |
| Select group hotkey | 929 | |
| Use ability | 179 | |
3144 total
» units
| Peasant | 28 | |
| Footman | 5 | |
| Spell Breaker | 10 | |
| Knight | 10 | |
| Sorceress | 10 | |
63 total
» upgrades
| Lumber Harvesting | 1 | |
| Plating | 3 | |
| Swords | 3 | |
| Animal War Training | 1 | |
| Control Magic | 1 | |
| Sorceress Training | 1 | |
10 total
» buildings
| Farm | 12 | |
| Altar of Kings | 1 | |
| Barracks | 2 | |
| Scout Tower | 5 | |
| Arcane Tower | 2 | |
| Keep | 3 | |
| Blacksmith | 1 | |
| Lumber Mill | 2 | |
| Arcane Sanctum | 2 | |
| Castle | 2 | |
| Arcane Vault | 1 | |
| Town Hall | 5 | |
| Guard Tower | 3 | |
41 total
» build order
00:03 Farm
00:04 Altar of Kings
00:04 Barracks
01:14 Farm
01:50 Scout Tower
02:20 Farm
02:27 Arcane Tower
02:27 Arcane Tower
03:36 Keep
03:36 Keep
04:12 Blacksmith
04:20 Farm
05:03 Lumber Mill
05:27 Lumber Mill
05:33 Barracks
06:20 Arcane Sanctum
06:31 Town Hall
» items
| Scroll of Regeneration | 3 | |
| Lesser Clarity Potion | 3 | |
| Ivory Tower | 1 | |
| Scroll of Town Portal | 4 | |
| Orb of Fire | 1 | |
12 total
team 2 (loser)
RoCcoNaCHOviDaL (
teal | 629 APM | 4108 actions | 06:31)
3 Death Knight
1 Death Coil
2 Unholy Aura
1 Lich
1 Frost Nova
1 Dreadlord
1 Sleep
» actions
| Assign group hotkey | 38 | |
| Basic commands | 523 | |
| Build / train | 133 | |
| ESC pressed | 2 | |
| Enter build submenu | 27 | |
| Enter hero's abilities submenu | 13 | |
| Give item / drop item | 4 | |
| Right click | 895 | |
| Select / deselect | 1359 | |
| Select group hotkey | 913 | |
| Use ability | 201 | |
4108 total
» units
| Acolyte | 15 | |
| Ghoul | 4 | |
| Crypt Fiend | 19 | |
| Obsidian Statue | 10 | |
| Frost Wyrm | 8 | |
56 total
» upgrades
| Creature Attack | 1 | |
| Creature Carapace | 2 | |
| Web | 1 | |
| Destroyer Form | 1 | |
5 total
» buildings
| Graveyard | 1 | |
| Crypt | 1 | |
| Ziggurat | 11 | |
| Altar of Darkness | 1 | |
| Tomb of Relics | 2 | |
| Nerubian Tower | 4 | |
| Necropolis | 1 | |
| Spirit Tower | 18 | |
| Halls of the Dead | 5 | |
| Black Citadel | 3 | |
| Slaughterhouse | 2 | |
| Sacrificial Pit | 1 | |
| Boneyard | 2 | |
52 total
» build order
00:15 Graveyard
00:22 Crypt
00:45 Ziggurat
01:02 Altar of Darkness
01:51 Tomb of Relics
02:03 Ziggurat
03:16 Nerubian Tower
03:16 Nerubian Tower
04:35 Ziggurat
05:01 Ziggurat
05:29 Necropolis
05:52 Spirit Tower
05:53 Spirit Tower
05:53 Spirit Tower
06:07 Spirit Tower
06:08 Spirit Tower
06:31 Spirit Tower
» items
| Rod of Necromancy | 3 | |
| Sacrificial Skull | 1 | |
| Dust of Appearance | 1 | |
| Scroll of Protection | 1 | |
| Potion of Lesser Invulnerability | 1 | |
| Scroll of Healing | 2 | |
| Orb of Corruption | 1 | |
| Potion of Healing | 2 | |
| Scroll of Town Portal | 5 | |
17 total
Hello.123 (
green | 501 APM | 3270 actions | 06:31)
3 Blademaster
2 Wind Walk
1 Critical Strike
» actions
| Assign group hotkey | 46 | |
| Basic commands | 9 | |
| Build / train | 116 | |
| Enter build submenu | 19 | |
| Enter hero's abilities submenu | 8 | |
| Give item / drop item | 3 | |
| Right click | 1589 | |
| Select / deselect | 419 | |
| Select group hotkey | 786 | |
| Use ability | 275 | |
3270 total
» units
| Peon | 9 | |
| Troll Batrider | 31 | |
| Wind Rider | 6 | |
46 total
» upgrades
| Ranged Weapons | 2 | |
| Reinforced Defenses | 1 | |
| Liquid Fire | 1 | |
| Spiked Barricades | 2 | |
| Envenomed Spears | 1 | |
| Armor | 1 | |
| Melee Weapons | 1 | |
9 total
» buildings
| Altar of Storms | 1 | |
| Orc Burrow | 5 | |
| Voodoo Lounge | 1 | |
| War Mill | 1 | |
| Watch Tower | 7 | |
| Stronghold | 2 | |
| Beastiary | 2 | |
| Fortress | 1 | |
| Great Hall | 2 | |
22 total
» build order
00:05 Altar of Storms
00:09 Orc Burrow
00:49 Voodoo Lounge
01:34 War Mill
02:13 Orc Burrow
02:54 Watch Tower
02:58 Watch Tower
03:13 Orc Burrow
03:20 Stronghold
03:20 Stronghold
04:49 Orc Burrow
05:31 Watch Tower
05:47 Beastiary
05:49 Beastiary
06:10 Fortress
06:31 Great Hall
» items
| Healing Salve | 2 | |
| Boots of Speed | 1 | |
| Staff of Teleportation | 2 | |
| Scroll of Town Portal | 3 | |
| Lesser Clarity Potion | 2 | |
| Potion of Healing | 5 | |
| Potion of Lesser Invulnerability | 2 | |
| Scroll of Healing | 7 | |
| Rod of Necromancy | 1 | |
| Potion of Mana | 4 | |
| Circlet of Nobility | 1 | |
| Orb of Lightning | 1 | |
31 total
UnholydreadlorD (
blue | 604 APM | 3948 actions | 06:31)
3 Death Knight
2 Death Coil
1 Unholy Aura
1 Dreadlord
1 Sleep
1 Lich
1 Frost Nova
» actions
| Assign group hotkey | 57 | |
| Basic commands | 147 | |
| Build / train | 139 | |
| Enter build submenu | 38 | |
| Enter hero's abilities submenu | 15 | |
| Give item / drop item | 7 | |
| Right click | 1478 | |
| Select / deselect | 640 | |
| Select group hotkey | 1137 | |
| Use ability | 290 | |
3948 total
» units
| Acolyte | 36 | |
| Ghoul | 11 | |
| Crypt Fiend | 9 | |
| Frost Wyrm | 5 | |
| Necromancer | 8 | |
| Gargoyle | 4 | |
| Banshee | 1 | |
| Obsidian Statue | 1 | |
75 total
» upgrades
| Creature Attack | 1 | |
| Necromancer Training | 1 | |
| Web | 1 | |
| Skeletal Mastery | 1 | |
4 total
» buildings
| Graveyard | 1 | |
| Crypt | 1 | |
| Ziggurat | 10 | |
| Altar of Darkness | 1 | |
| Tomb of Relics | 1 | |
| Nerubian Tower | 2 | |
| Halls of the Dead | 1 | |
| Necropolis | 7 | |
| Black Citadel | 1 | |
| Slaughterhouse | 1 | |
| Sacrificial Pit | 1 | |
| Boneyard | 1 | |
| Temple of the Damned | 2 | |
| Spirit Tower | 1 | |
31 total
» build order
00:07 Graveyard
00:14 Crypt
00:41 Ziggurat
01:00 Altar of Darkness
01:28 Ziggurat
01:56 Tomb of Relics
02:05 Nerubian Tower
04:16 Ziggurat
05:14 Halls of the Dead
06:03 Nerubian Tower
06:18 Ziggurat
06:31 Necropolis
» items
| Rod of Necromancy | 5 | |
| Sacrificial Skull | 1 | |
| Dust of Appearance | 1 | |
| Potion of Healing | 3 | |
| Scroll of Town Portal | 12 | |
| Orb of Corruption | 1 | |
| Boots of Speed | 1 | |
| Potion of Lesser Invulnerability | 4 | |
| Scroll of Healing | 2 | |
| Periapt of Vitality | 1 | |
31 total
D3FiNeGreaTneSS (
pink | 421 APM | 2753 actions | 06:31)
4 Death Knight
2 Death Coil
2 Unholy Aura
1 Lich
1 Frost Nova
1 Dark Ranger
1 Silence
» actions
| Assign group hotkey | 75 | |
| Basic commands | 167 | |
| Build / train | 70 | |
| ESC pressed | 3 | |
| Enter build submenu | 18 | |
| Enter hero's abilities submenu | 15 | |
| Give item / drop item | 1 | |
| Right click | 1072 | |
| Select / deselect | 444 | |
| Select group hotkey | 746 | |
| Use ability | 142 | |
2753 total
» units
| Acolyte | 7 | |
| Ghoul | 3 | |
| Crypt Fiend | 12 | |
| Frost Wyrm | 14 | |
36 total
» upgrades
| Burrow | 1 | |
| Creature Attack | 1 | |
| Creature Carapace | 1 | |
| Web | 1 | |
4 total
» buildings
| Graveyard | 1 | |
| Crypt | 1 | |
| Altar of Darkness | 1 | |
| Ziggurat | 7 | |
| Tomb of Relics | 1 | |
| Halls of the Dead | 1 | |
| Sacrificial Pit | 1 | |
| Black Citadel | 1 | |
| Boneyard | 2 | |
16 total
» build order
00:10 Graveyard
00:16 Crypt
00:48 Altar of Darkness
01:09 Ziggurat
01:11 Tomb of Relics
02:04 Ziggurat
04:07 Halls of the Dead
04:23 Ziggurat
04:54 Ziggurat
06:31 Ziggurat
» items
| Rod of Necromancy | 1 | |
| Potion of Healing | 3 | |
| Scroll of Town Portal | 4 | |
| Orb of Corruption | 1 | |
| Potion of Mana | 1 | |
10 total
Chat log
(00:09 / Allies) Funkster49: sup
(00:10 / Allies) Funkster49: plan?
(00:14 / All) Hello.123: wow
(00:18 / All) Hello.123: same friends
(00:19 / All) KODOS_FORSAKEN: and in todays rt we got 3 ud race pickers!
(00:30 / All) Hello.123: fucking
(00:35 / Allies) 1H4XSOFU: creep mid
(00:37 / Allies) 1H4XSOFU: before night
(00:39 / Allies) 1H4XSOFU: together
(00:40 / Allies) 1H4XSOFU: and we win
(00:48 / Allies) KODOS_FORSAKEN: red you going hunts?
(00:58 / Allies) pp]papum.: i can
(01:00 / Allies) KODOS_FORSAKEN: k
(01:31 / Allies) pp]papum.: me hutns ?
(01:35 / Allies) KODOS_FORSAKEN: ya go kotg hunt?
(01:38 / Allies) KODOS_FORSAKEN: they got 3 ud
(01:40 / Allies) pp]papum.: got dh
(01:42 / Allies) KODOS_FORSAKEN: k
(02:03 / Allies) 1H4XSOFU: we gotta creep mid.. if their dks level
(02:04 / Allies) 1H4XSOFU: we lose
(03:20 / All) UnholydreadlorD: kodos, stab the hacker :(
(03:26 / All) KODOS_FORSAKEN: what
(03:26 / All) D3FiNeGreaTneSS: its only right
(03:29 / All) UnholydreadlorD: i will do the same for you
(03:31 / All) D3FiNeGreaTneSS: ojh hax
(03:38 / All) 1H4XSOFU: ROFL
(03:40 / All) UnholydreadlorD: the guy whose name is "i hack so fuck you"
(03:41 / All) KODOS_FORSAKEN: sorry 3 race ud picking noobs
(03:49 / All) KODOS_FORSAKEN: i dont know if he hacks
(03:54 / All) UnholydreadlorD: i do
(03:59 / All) D3FiNeGreaTneSS: he does
(03:59 / Allies) 1H4XSOFU: lets go
(04:00 / All) UnholydreadlorD: stats him
(04:00 / Allies) 1H4XSOFU: mid
(04:01 / Allies) 1H4XSOFU: now
(04:07 / All) pp]papum.: stats green...
(04:14 / All) D3FiNeGreaTneSS: green doesnt tho
(04:16 / All) D3FiNeGreaTneSS: i played vs him
(04:18 / All) 1H4XSOFU: yes he does
(04:21 / All) 1H4XSOFU: orc mh
(04:21 / Allies) 1H4XSOFU: mid
(04:22 / Allies) 1H4XSOFU: now
(04:30 / All) D3FiNeGreaTneSS: no he doesnt
(04:31 / All) Hello.123: wtf
(04:35 / All) pp]papum.: stats me
(04:35 / All) Hello.123: i dont m
(04:36 / All) pp]papum.: i hack
(04:37 / All) pp]papum.: ::
(04:40 / All) Hello.123: i don't mh
(04:45 / All) KODOS_FORSAKEN: if it was frogs or some nigger i auto stab him
(04:58 / All) UnholydreadlorD: lame
(05:12 / Allies) KODOS_FORSAKEN: mid go
(05:14 / All) D3FiNeGreaTneSS: h4f is 2 busy hacking 3v3 tour
(05:45 / Allies) KODOS_FORSAKEN: dk
(06:18 / Allies) 1H4XSOFU: expo
(06:20 / Allies) 1H4XSOFU: check
(06:25 / Allies) KODOS_FORSAKEN: check
(06:31 / All) UnholydreadlorD: slurpeejoe48